[Event "16th Serbian Championship 2022"]
[Site "Bajina Basta"]
[Date "2022.12.06"]
[Round "1.1"]
[White "Djordjevic, Vuk"]
[Black "Martic, Ivan"]
[Result "0-1"]
[ECO "D00"]
[WhiteElo "2394"]
[BlackElo "2270"]
[Annotator "TA"]
[PlyCount "50"]
[EventDate "2022.12.06"]
[EventType "tourn"]
[EventCountry "SRB"]
[SourceTitle "playchess.com"]
[Source "ChessBase"]
[SourceQuality "1"]
[TimeControl "40/5400+30:1800+30"]

1. d4 Nf6 2. Bg5 d5 3. e3 c5 4. Bxf6 gxf6 5. dxc5 Nc6 6. Bb5 {[%emt 0:10:50] D00: 1 d4 d5: Unusual lines.} a6 7. Bxc6+ bxc6 8. Nc3 {[%emt 0:02:39] [#] The position is equal.} e5 $146 ({Predecessor:} 8... Qa5 9. Qd4 Rb8 10. O-O-O Rb4 11. Qd2 Qxc5 12. Nge2 e5 13. f4 Qb6 14. b3 Bc5 {0-1 (28) Reinert,S (2097)-Suvorov,A (2392) Tegernsee 2021}) 9. Na4 Rg8 10. Ne2 {[%emt 0:05:01] [#]} (10. Nb6 Rb8 11. b4 Rxg2 $15) 10... Bxc5 $1 11. Nxc5 $14 Qa5+ 12. Qd2 Qxc5 13. Ng3 h5 {[%emt 0:05:30] ...h4 is the strong threat.} 14. O-O-O Ke7 {[%emt 0:07:29] Strongly threatening ...h4.} 15. h4 Rg4 (15... Be6 {simplifies} 16. Rdf1 Rg4 17. Nxh5 Ra4) 16. Kb1 Rb8 (16... Be6 {simplifies} 17. Nxh5 Rxg2 18. Rdf1 Rag8) 17. e4 (17. b3 $1 $15) 17... Be6 $17 18. Nxh5 (18. Rde1 $17) 18... Rxe4 $40 {[%emt 0:13:11][%mdl 128] White is in trouble. Active counter play!} ({Stronger than} 18... dxe4 19. b3) 19. f3 {[%emt 0:00:45] [#] Against Bg4} (19. b3 {is a better defense.}) 19... Qa3 $1 20. b3 Ra4 {[%emt 0:07:16] The board is on fire.} 21. c3 $2 {[%emt 0:00:32] [#]} (21. Qc3 $19 Qxa2+ 22. Kc1 Qa3+ 23. Qb2 Rxb3 24. Qxa3+ (24. cxb3 $2 {perishes.} Qc5+ 25. Kd2 Ra2 $19) 24... Rbxa3 25. Ng3) 21... Rxb3+ $1 {[%emt 0:00:56][%mdl 512] Black mates.} 22. Ka1 d4 23. Rb1 Rxb1+ 24. Kxb1 dxc3 25. Qe3 Qb2# {[%emt 0:00:07] Weighted Error Value: White=0.67/Black=0.09 (flawless)} 0-1

[Event "16th Serbian Championship 2022"]
[Site "Bajina Basta"]
[Date "2022.12.06"]
[Round "1.2"]
[White "Ivic, Velimir"]
[Black "Kovacevic, Aleksandar"]
[Result "1-0"]
[ECO "E45"]
[WhiteElo "2560"]
[BlackElo "2470"]
[Annotator "TA"]
[PlyCount "89"]
[EventDate "2022.12.06"]
[EventType "tourn"]
[EventCountry "SRB"]
[SourceTitle "playchess.com"]
[Source "ChessBase"]
[SourceQuality "1"]
[TimeControl "40/5400+30:1800+30"]

1. d4 Nf6 2. c4 e6 3. Nc3 Bb4 4. e3 b6 5. Nge2 Ba6 6. a3 Be7 7. Ng3 d5 8. cxd5 {[%emt 0:08:57][%cal Od5d6] Hoping for d6!} Bxf1 {[%emt 0:00:21] E45: Nimzo-Indian: Rubinstein: 4...b6 5 Ne2 Ba6.} 9. Kxf1 exd5 10. Nf5 {[%emt 0:04:23] e4 is the strong threat.} g6 {[%emt 0:05:12] Prevents e4. The position is equal.} 11. Nxe7 Qxe7 {[%emt 0:00:07] [#]} 12. Qf3 $146 ({Predecessor:} 12. g3 O-O 13. Kg2 Nc6 14. b4 Rfe8 15. Qb3 Qd7 16. Bd2 Ne7 17. Rac1 c6 18. b5 {½-½ (44) Makarczyk,K-Regedzinski,T Katowice 1952}) 12... c6 13. Bd2 O-O 14. Ke2 Nbd7 15. Rhd1 Rfe8 16. Kf1 a5 17. a4 Ne4 18. Be1 Nxc3 19. Bxc3 Nf6 20. Rac1 Ne4 21. Be1 Qb7 22. Qe2 Re6 23. Rc2 Rae8 24. Kg1 g5 25. Qg4 Rg6 26. Rdc1 Ree6 27. f3 Nf6 28. Qf5 Rxe3 29. Bd2 Re6 30. Bxg5 Qe7 31. Kf1 Qd7 {[%emt 0:05:00][%cal Oe6e1] Threatens to win with ...Re1+!} 32. g4 (32. Qf4 {seems wilder.} Nh5 33. Qd2 Qc7 34. g4) 32... c5 (32... h5 $11) 33. dxc5 $16 bxc5 34. Rxc5 {[%emt 0:00:56] aiming for Rc8+.} Qxa4 {[%emt 0:00:06] [#]} 35. Bh4 (35. h3 $1 $16) 35... Qb4 {[%emt 0:02:37] [#]} ({Better is} 35... Qb3 $1 $14) 36. R5c2 (36. R1c2 $1 $18) 36... d4 (36... Qb3 $16) 37. Bf2 $18 Rd6 $2 (37... Re7 {is tougher.} 38. Rd1 Qd6) 38. Qd3 $2 (38. g5) 38... Nd7 $2 (38... Qb7 39. Rc8+ (39. Bxd4 Rxd4 40. Qxd4 Qxf3+ 41. Qf2 Qxg4 $11) 39... Kg7) 39. Rc8+ Nf8 40. Ra8 Rc6 (40... Qxb2 $2 41. Rcc8 Kg7 42. Rxf8 $18) 41. Rxc6 Rxc6 42. Qxd4 Rc1+ 43. Kg2 Rc2 44. Qxb4 axb4 45. Kg3 {[%emt 0:00:00] Weighted Error Value: White=0.31/Black=0.43} 1-0

[Event "16th Serbian Championship 2022"]
[Site "Bajina Basta"]
[Date "2022.12.06"]
[Round "1.3"]
[White "Perunovic, Milos"]
[Black "Radovanovic, Nikola"]
[Result "1-0"]
[ECO "B90"]
[WhiteElo "2541"]
[BlackElo "2414"]
[Annotator "TA"]
[PlyCount "75"]
[EventDate "2022.12.06"]
[EventType "tourn"]
[EventCountry "SRB"]
[SourceTitle "playchess.com"]
[Source "ChessBase"]
[SourceQuality "1"]
[TimeControl "40/5400+30:1800+30"]

1. e4 c5 2. Nf3 d6 3. d4 cxd4 4. Nxd4 Nf6 5. Nc3 a6 6. Be3 e5 7. Nb3 Be7 8. h3 {[%emt 0:00:52] B90: Sicilian Najdorf: Unusual White 6th moves, 6 Be3 Ng4 and 6 Be3 e5.} h6 9. g4 Qc7 10. Qd2 {[%emt 0:03:47] White has an edge.} b5 11. O-O-O {[%emt 0:09:09] [#]} Bb7 $146 ({Predecessor:} 11... Nbd7 12. Nd5 Nxd5 13. exd5 Nb6 14. Rg1 Bd7 15. Kb1 Rc8 16. Nc5 dxc5 17. d6 Bxd6 18. Qxd6 {½-½ (38) Serazeev,A (2527)-Mikhalchuk,V (2464) ICCF email 2017}) 12. Nd5 Nxd5 13. exd5 Nd7 14. Na5 Rc8 {[%emt 0:09:51][%cal Ob7d5] Hoping for ...Bxd5!} 15. Nxb7 Qxb7 16. h4 Bd8 $1 17. Bh3 (17. Kb1 $14) 17... Bb6 $11 18. g5 Bxe3 19. fxe3 Rc7 20. Kb1 Nc5 (20... h5 $11) 21. Qg2 ({White must play} 21. gxh6 $1 $16 Rxh6 22. h5) 21... h5 22. Rhf1 b4 (22... Qb6 $11) 23. g6 $14 f6 24. Rf5 $1 {[%emt 0:00:16] White is more active.} a5 25. Qf3 {[%emt 0:00:11] Against b3} b3 $2 {[%emt 0:02:45] This costs Black the game.} (25... e4 $14 26. Qe2 Qa6) 26. cxb3 $18 (26. Rxh5 $2 bxc2+ 27. Kxc2 Rf8 $19) (26. axb3 Rf8 27. Rxh5 a4 $11) 26... a4 27. Rxh5 Rf8 (27... Rg8 {was necessary.} 28. Rh7 Qb5) 28. Rh7 {[%emt 0:00:57] aiming for Qh5.} axb3 29. a3 {[%emt 0:00:05] Black must now prevent Qh5.} f5 $2 (29... Qb5 30. Bf5 Kd8) 30. Bxf5 {[%emt 0:03:39] Threatens to win with Qh5.} e4 $2 (30... Qb5 31. Qh5 Kd8) 31. Qh5 $1 {[%emt 0:02:02] Rh8 would kill now. White is clearly winning.} (31. Bxe4 $2 Rxf3 32. Bxf3 Qb5 33. Rh8+ Ke7 $19) 31... Na4 32. Rh8 {[%emt 0:00:51] Intending Rxf8+ and mate.} (32. Bxe4 Rc2 $1 33. Ka1 Rxb2 34. Rh8 Ra2+ 35. Kb1 Nc3+ 36. Kc1 b2+ 37. Kd2 b1=Q+ 38. Ke1 Qxd1+ 39. Qxd1 Nxd1 40. Rh5 Qb2 $1) 32... Rc2 33. Rxf8+ (33. Bxe4 Rxb2+ 34. Ka1 Ra2+ 35. Kb1 Nc3+ 36. Kc1 b2+ 37. Kd2 b1=Q+ 38. Ke1 Qxd1+ 39. Qxd1 Nxd1 40. Rh5 Qb3) 33... Kxf8 34. Qh8+ (34. Bxe4 Rxb2+ 35. Ka1 Ra2+ 36. Kb1 Nc3+ 37. Kc1 b2+ 38. Kd2 b1=Q+ 39. Ke1 Qxd1+ 40. Qxd1 Nxd1 41. Bh1 {[#]} Qb2 $1 42. Bf3 Qf2+ 43. Kxd1 Qg1#) 34... Ke7 35. Qxg7+ (35. Bxe4 Rxb2+ 36. Ka1 Ra2+ 37. Kb1 Nc3+ 38. Kc1 b2+ 39. Kd2 b1=Q+ 40. Kxc3 Qc7+ 41. Kd4 Qc5#) 35... Kd8 36. Qf8+ (36. Qxb7 Rxb2+ 37. Ka1 Ra2+ 38. Kb1 Nc3+ 39. Kc1 Rc2#) 36... Kc7 37. Rc1 {[%emt 0:01:09] Threatening mate with Qe7+.} (37. Bxe4 Rxb2+ 38. Kc1 Re2 $16) 37... Qa6 {[%emt 0:01:55] [#]} 38. Qc8+ $1 {[%emt 0:00:36][%mdl 512] Weighted Error Value: White=0.29 (precise) /Black=0.33} 1-0

[Event "16th Serbian Championship 2022"]
[Site "Bajina Basta"]
[Date "2022.12.06"]
[Round "1.4"]
[White "Bogosavljevic, Boban"]
[Black "Indjic, Aleksandar"]
[Result "1/2-1/2"]
[ECO "D02"]
[WhiteElo "2521"]
[BlackElo "2631"]
[Annotator "TA"]
[PlyCount "117"]
[EventDate "2022.12.06"]
[EventType "tourn"]
[EventCountry "SRB"]
[SourceTitle "playchess.com"]
[Source "ChessBase"]
[SourceQuality "1"]
[TimeControl "40/5400+30:1800+30"]

1. d4 Nf6 2. Nf3 e6 3. g3 c5 4. Bg2 cxd4 5. O-O d5 6. Nxd4 e5 7. Nb3 Be6 8. c4 {[%emt 0:00:25] D02: 1 d4 d5 2 Nf3 sidelines, including 2...Nf6 3 g3 and 2...Nf6 3 Bf4.} Nc6 (8... dxc4 $2 9. Qxd8+ Kxd8 10. Bxb7 $18 (10. Na5 Nc6 $16)) 9. cxd5 Nxd5 10. N1d2 Be7 11. Ne4 $1 b6 {[%emt 0:00:49] Inhibits Nec5.} (11... Qb6 {seems wilder.} 12. Ng5 Bxg5 13. Bxg5 h6) 12. Nc3 Ncb4 13. a3 Nxc3 14. bxc3 Qxd1 15. Rxd1 {[%emt 0:02:13] [#]} Rc8 $146 ({Predecessor:} 15... Bxb3 16. Bxa8 Bxd1 17. axb4 O-O 18. Bf3 e4 19. Bxe4 Bxe2 20. Rxa7 Bf6 21. Bb2 g5 {1-0 (32) Negrean,A (1846)-Vaduva,I (1473) Cap Aurora 2022}) 16. cxb4 {[%emt 0:23:23] And now Bd5 would win.} Bxb3 17. Rd3 Be6 18. Bb2 f6 19. Rc1 {[%emt 0:03:52] Prevents Rc2.} Rxc1+ 20. Bxc1 Kf7 21. Bb7 {[%emt 0:01:46] Inhibits Rc8.} Rb8 22. Ba6 Bf5 23. Rc3 Bd6 24. Bc4+ Be6 25. Be3 Bxc4 26. Rxc4 $11 {[%emt 0:00:07][%mdl 4096] Endgame KRB-KRB} Ke6 27. Kg2 Kd5 28. Rc2 a5 29. Bd2 axb4 30. axb4 f5 31. Be1 Ra8 32. Rd2+ Ke6 33. Rc2 Kd7 (33... Ra1 $5 34. Bc3 Rb1 $17) 34. e4 g6 35. exf5 gxf5 36. Rc4 e4 37. h3 b5 38. Rd4 {[%emt 0:00:14] [#]} (38. Rc2 $15) 38... Ke6 $2 (38... Ra1 $1 $19 39. Bd2 Rd1) 39. g4 $1 $15 Rg8 $1 40. Kf1 Ke5 ({But not} 40... fxg4 $6 41. Rxe4+ Kf5 42. Re3 $11) 41. Bc3 {[%emt 0:07:23] Threatens to win with Rd2+.} fxg4 42. hxg4 Rxg4 43. f3 {[%emt 0:05:26] [#]} (43. Rd3+ $17 {might work better.} Ke6 44. Rh3) 43... Rg3 $2 (43... exf3 $2 44. Rxg4+ Kd5 45. Kf2 $18) (43... Rf4 $1 $19 44. Rxe4+ Kd5) 44. Rxe4+ $11 {[%emt 0:00:44] The position is equal.} Kd5 45. Kf2 {[%emt 0:02:07] Black must now prevent Rd4+.} Rh3 46. Rd4+ Kc6 47. Re4 Rh2+ 48. Ke3 Rh1 49. Kd3 h5 {[%emt 0:01:21] ...h4 is the strong threat.} 50. Be1 {[%emt 0:02:04] Inhibits h4.} Kd5 51. Rd4+ Ke6 52. Re4+ Kf5 53. Kd4 Rf1 54. Kd5 Bf4 55. Kc6 Rxf3 56. Re8 Re3 57. Rxe3 Bxe3 58. Kxb5 Kg4 59. Kc6 {[%emt 0:00:14] Weighted Error Value: White=0.13 (very precise) /Black=0.12 (very precise)} 1/2-1/2

[Event "16th Serbian Championship 2022"]
[Site "Bajina Basta"]
[Date "2022.12.06"]
[Round "1.5"]
[White "Perunovic, Miodrag"]
[Black "Ivanisevic, Ivan"]
[Result "0-1"]
[ECO "B47"]
[WhiteElo "2417"]
[BlackElo "2533"]
[Annotator "TA"]
[PlyCount "60"]
[EventDate "2022.12.06"]
[EventType "tourn"]
[EventCountry "SRB"]
[SourceTitle "playchess.com"]
[Source "ChessBase"]
[SourceQuality "1"]
[TimeControl "40/5400+30:1800+30"]

1. e4 c5 2. Nf3 e6 3. d4 cxd4 4. Nxd4 Nc6 5. Nc3 Qc7 6. Be2 a6 7. Nxc6 Qxc6 8. O-O b5 9. Bf3 Bb7 10. a4 {[%emt 0:00:07] axb5 is the strong threat. B47: Sicilian: Taimanov: 5 Nc3 Qc7 6 f4, 6 g3 and 6 Be2.} b4 {[%emt 0:00:49] [#]} 11. Nd5 $146 ({Predecessor:} 11. Ne2 Ne7 12. Bf4 Ng6 13. Nd4 Qb6 14. a5 Qa7 15. Bg3 Be7 16. Re1 O-O 17. Qd2 Rac8 {½-½ (41) Polgar,I-Lengyel,L Budapest 1971}) 11... Bc5 {[%emt 0:03:24] [#]} ({Don't play} 11... exd5 12. exd5 Qd6 13. Re1+ Be7 14. c4 $11) 12. Qe1 $1 {[%emt 0:03:10][%cal Oc1f4] White is slightly better.} a5 {[%emt 0:07:28] [#]} 13. Bf4 $1 d6 {[%emt 0:11:08] [#]} (13... Kf8 14. Nc7) 14. c3 $1 b3 {[%emt 0:05:57] [#]} 15. Be2 Kf8 (15... exd5 $2 16. Bb5 dxe4 17. Qxe4+ Ne7 18. Rfe1 $18) 16. Bb5 Qc8 17. Ne3 {[%emt 0:02:53] Threatens to win with Nc4.} (17. Nb4 {simplifies} e5 18. Be3 Bxe3 19. Qxe3 axb4 20. cxb4 Qd8 21. a5) 17... e5 $1 18. Bg3 Bxe4 19. f4 (19. f3 $11 {keeps the balance.} Bc6 20. Bf2) 19... Nf6 $17 {[%emt 0:00:50] aiming for ...Nd5.} 20. fxe5 Ng4 (20... Nd5 $1 $17 21. Bf2 Nf4) 21. Bf2 $11 Nxe5 {[%emt 0:06:16] White must now prevent ...h5.} 22. Qe2 Qe6 23. Rad1 {[%emt 0:09:19][%mdl 1024] White has compensation.} (23. Nd1 {simplifies} Bxf2+ 24. Nxf2 Bf5 25. Ne4) 23... Qg6 24. Bg3 {[%emt 0:02:22] [#]} (24. Kh1 $11 {was the only way to keep the balance.} h5 25. Bg1 Bxe3 26. Bxe3) 24... h5 $1 $17 {[%emt 0:05:25] And now ...Ng4 would win.} 25. Bf4 Ng4 $36 {[%emt 0:03:42][%mdl 2048] Black is on the roll. Black is much more active.} 26. Bc4 $2 {[%emt 0:06:47] White does not recover from this.} (26. Rd2 $17) 26... Ra7 27. Rd2 Re7 28. Rd4 $2 (28. Kh1 {is more resistant.}) 28... Bxd4 $19 {[%emt 0:01:24] Black is clearly winning.} (28... Bxg2 29. Qxg2 Kg8 30. Bxb3 $18 (30. Qa8+ $2 Kh7 $19)) 29. cxd4 Nxe3 ({Less strong is} 29... Bxg2 30. Qxg2 Ra7 {[#]} 31. Nf5 $1 $18 ) 30. Bxe3 d5 {[%emt 0:01:36] Weighted Error Value: White=0.53/Black=0.15 (very precise)} 0-1

[Event "16th Serbian Championship 2022"]
[Site "Bajina Basta"]
[Date "2022.12.07"]
[Round "2.1"]
[White "Martic, Ivan"]
[Black "Ivanisevic, Ivan"]
[Result "1/2-1/2"]
[ECO "A21"]
[WhiteElo "2270"]
[BlackElo "2533"]
[Annotator "TA"]
[PlyCount "120"]
[EventDate "2022.12.06"]
[EventType "tourn"]
[EventCountry "SRB"]
[SourceTitle "playchess.com"]
[Source "ChessBase"]
[SourceQuality "1"]
[TimeControl "40/5400+30:1800+30"]

1. c4 e5 2. Nc3 Bb4 3. Nd5 Bc5 4. Nf3 c6 5. Nc3 Qe7 6. d4 {[%emt 0:04:39] A21: English Opening: 1...e5 2 Nc3.} exd4 7. Nxd4 Nf6 8. e3 ({Better is} 8. Bg5 $14) 8... O-O $11 9. Be2 Rd8 10. Bf3 d5 11. cxd5 cxd5 12. O-O Nc6 13. Nce2 (13. a3 {is interesting.} Qe5 14. Nce2 Ne4 15. Bd2) 13... Ne5 (13... Ne4 $5 ) 14. b3 {[%emt 0:01:05] [#]} Ne4 $146 ({Predecessor:} 14... Nxf3+ 15. Nxf3 Bg4 16. Bb2 Ne4 17. Nfd4 Bd7 18. Nf4 Be6 19. Ndxe6 fxe6 20. Qg4 Rd6 {1-0 (36) Malakhov,V (2701)-Bologan,V (2649) Kishinev 2014}) 15. Bb2 Ng5 (15... Bb4 $11) 16. Kh1 Nexf3 17. gxf3 Qf6 (17... f6 $11) 18. Nf4 {[%emt 0:14:11] Pair of Knights!} (18. Rc1 $5 Bf8 19. Nf4 $14) 18... Qh6 19. Rc1 Bxd4 20. Bxd4 Bf5 {[%emt 0:00:06][%cal Og5f3] And now ...Nxf3! would win.} 21. Rg1 $1 Rd7 {[%emt 0:12:36] Prevents Rc7.} 22. Rg3 f6 23. Kg2 Nf7 (23... Ne6 $14) 24. Rc5 $1 $16 {[%emt 0:01:29] White is more active.} Rad8 {[%emt 0:00:11] [#]} 25. Qc1 (25. Qa1 $142 $1 Kf8 26. Qc3) 25... Ne5 26. Qc3 ({White should play} 26. Rc8 $16) 26... Ng6 $11 27. Nxg6 hxg6 28. Rc7 b6 {[%emt 0:03:43] Prevents Qa5.} 29. Qc6 Rxc7 30. Qxc7 Rd7 31. Qb8+ Kf7 32. a4 Qh7 33. a5 bxa5 34. Qb5 ({Much worse is} 34. Bc5 Qg8 35. Qb5 Qd8 $17) 34... Qg8 35. Qxa5 Qc8 36. Bc5 Qc6 (36... Qc7 $5 37. Qb4 a6 $11) 37. b4 a6 38. h3 Qb5 39. Qxb5 axb5 {[%emt 0:00:01][%mdl 4096] Endgame KRB-KRB} 40. Kh2 Rd8 41. Rg1 Rh8 42. Rh1 Rh5 (42... Bxh3 $2 43. Kg3 $18) (42... Rxh3+ $15 43. Kg2 {[#]} Rxf3 $1 44. Kxf3 Be4+ 45. Kg3 Bxh1) 43. Kg3 {[%emt 0:00:00] The position is equal.} Rg5+ 44. Kh2 Bd3 45. f4 Rh5 46. Kg3 g5 47. f3 gxf4+ 48. exf4 Rh8 49. Rd1 Bc4 50. Re1 Kg6 51. Kg4 Bd3 52. h4 Bf5+ 53. Kg3 Ra8 54. Re7 Ra3 55. Kf2 Bd3 56. h5+ Kh6 57. Rd7 Ra2+ 58. Kg3 Bf1 59. Rxd5 Rg2+ 60. Kh4 Rh2+ {[%emt 0:00:29] Weighted Error Value: White=0.10 (very precise) /Black=0.11 (very precise)} 1/2-1/2

[Event "16th Serbian Championship 2022"]
[Site "Bajina Basta"]
[Date "2022.12.07"]
[Round "2.2"]
[White "Indjic, Aleksandar"]
[Black "Perunovic, Miodrag"]
[Result "1-0"]
[ECO "E61"]
[WhiteElo "2631"]
[BlackElo "2417"]
[Annotator "TA"]
[PlyCount "64"]
[EventDate "2022.12.06"]
[EventType "tourn"]
[EventCountry "SRB"]
[SourceTitle "playchess.com"]
[Source "ChessBase"]
[SourceQuality "1"]
[TimeControl "40/5400+30:1800+30"]

1. d4 Nf6 2. c4 g6 3. Nc3 Bg7 4. Nf3 d6 5. h3 O-O 6. g4 {[%emt 0:00:28] E61: King's Indian: Early deviations for White, including Smyslov System.} c5 7. d5 e6 8. Bg2 {[%emt 0:00:06] The position is equal.} exd5 9. cxd5 (9. Nxd5 Nxd5 10. cxd5 Na6 $15) 9... Re8 {[%emt 0:08:15] [#]} 10. Nd2 $146 ({Predecessor:} 10. Kf1 Na6 11. Bg5 Nc7 12. Nd2 b5 13. a3 Rb8 14. e4 a5 15. Kg1 b4 16. axb4 axb4 {1-0 (28) Meneghetti,J (1756)-Harman,K (1650) ICCF email 2016}) 10... h5 (10... Nbd7 $11) 11. g5 $14 Nh7 12. Nde4 Bf5 13. h4 b5 {[%emt 0:00:37] [#] ...b4 is the strong threat.} 14. Ng3 $1 {[%emt 0:00:11] Hoping for Nxf5.} Bg4 15. Nxb5 f6 $2 (15... Na6 $16) 16. gxf6 Bxf6 17. Qc2 Kg7 18. Bf4 Qa5+ 19. Nc3 {[%emt 0:00:32] And now Be4 would win. The board is on fire.} Na6 (19... Nd7 $142 20. Bxd6 Ne5) 20. Qd2 (20. Bxd6 Rad8 $18) (20. Be4 $142) 20... Rab8 $18 {[%emt 0:01:36][%cal Ob8b2] White must now prevent ...Rxb2!} 21. O-O {[%emt 0:00:19] aiming for Nge4.} (21. Bxd6 $2 {[#] loses.} Rxb2 $3 22. Qxb2 Bxc3+ 23. Kf1 Bxb2 $19) 21... Qd8 22. Nge4 Be5 23. Bxe5+ Rxe5 24. f4 Re8 25. Ng5 Nf6 {[%emt 0:00:01] Inhibits f5.} (25... Nc7 $16 26. e4 Qe7) 26. e4 {[%emt 0:04:51][%cal Be2e4,Be4e5][%mdl 32] Threatens to win with f5.} Qb6 $2 (26... Nh7 27. b3 Nxg5) 27. Rae1 c4+ (27... Qxb2 $2 28. Qxb2 Rxb2 29. e5 $18) 28. Kh1 Qxb2 29. Qxb2 Rb6 $2 (29... Rxb2 30. e5 Nh7) 30. Qb4 $2 Rxb4 $2 (30... Nxb4 $14 31. e5 Ng8) 31. e5 Rb2 $2 (31... Nd7 32. Nce4 (32. exd6 Nf6 $16) 32... Re7 33. Nxd6 c3) 32. Nce4 $2 (32. exf6+ $18 Kxf6 33. Rxe8) 32... Nd7 $2 {[%emt 0:00:00][%mdl 8192] Weighted Error Value: White=0.60/Black=0.52} (32... Nxd5 $2 33. Nxd6 (33. exd6 Nb8 $11) 33... Ndc7 34. Nxe8+ Nxe8 35. Rb1 Rxa2 36. Rfc1 $18) (32... Nxe4 $14 33. Nxe4 dxe5) 1-0

[Event "16th Serbian Championship 2022"]
[Site "Bajina Basta"]
[Date "2022.12.07"]
[Round "2.3"]
[White "Radovanovic, Nikola"]
[Black "Bogosavljevic, Boban"]
[Result "1/2-1/2"]
[ECO "B30"]
[WhiteElo "2414"]
[BlackElo "2521"]
[Annotator "TA"]
[PlyCount "89"]
[EventDate "2022.12.06"]
[EventType "tourn"]
[EventCountry "SRB"]
[SourceTitle "playchess.com"]
[Source "ChessBase"]
[SourceQuality "1"]
[TimeControl "40/5400+30:1800+30"]

1. e4 c5 2. Nf3 Nc6 3. Bc4 e6 4. O-O Nf6 5. Re1 a6 6. e5 {[%emt 0:08:07] B30: Sicilian: 2...Nc6 3 Bb5, lines without ...g6.} d5 $1 7. exf6 dxc4 8. fxg7 Bxg7 9. Nc3 {[%emt 0:03:10] [#]} O-O $146 ({Predecessor:} 9... Nd4 10. Ne4 Qd5 11. d3 O-O 12. Bh6 f5 13. Bxg7 Kxg7 14. dxc4 Qxc4 15. Neg5 h6 {1-0 (44) Szabo,S-Sebestyen,B Sopot 1951}) 10. b3 f5 11. Ba3 b6 12. bxc4 {[%emt 0:01:08] [#]} e5 $1 {[%emt 0:00:23][%cal Be6e5,Be5e4][%mdl 32] Threatens to win with ...e4.} 13. Kh1 (13. Nd5 $17) 13... e4 $19 14. Ng1 Ne5 15. Rb1 Nxc4 16. Bc1 Bb7 17. Qe2 b5 18. a4 Ne5 19. axb5 Qh4 (19... axb5 $17 {...b4 is the strong threat.} 20. Nxb5 (20. Qxb5 Ng4 $17) 20... Bd5) 20. Bb2 (20. Nh3 $11) 20... Ng4 $17 ({Inferior is} 20... axb5 21. Nxb5 Rad8 22. Nh3 $15) 21. Nh3 Bd4 {[%emt 0:00:53] This pair of bishops is nice.} (21... axb5 $17 {White must now prevent ...b4.} 22. Nxb5 Bxb2 23. Rxb2 e3) 22. Nd1 Rf7 (22... Qf6 {is more complex.} 23. Nf4 Qh6 24. h3 Rf7) 23. Bxd4 (23. Ne3 $11) 23... cxd4 24. bxa6 Bxa6 25. d3 Qh6 {[%emt 0:02:21] Against Qd2} (25... Re8 $17 {aiming for ...Rfe7.} 26. Nb2 Rfe7) 26. f3 $14 Nf6 27. fxe4 (27. Rb4 {looks sharper.} Re8 28. Rb6 Bb7 29. dxe4 fxe4 30. Qc4) 27... fxe4 28. Rb6 Qg7 29. Nf4 (29. Rd6 $5 ) 29... Bb7 (29... Qg5 $11 30. Rf1 Nd7 31. Rxa6 Rxa6 32. dxe4 Rb6) 30. Ne6 (30. dxe4 {keeps more tension.} Bxe4 31. Kg1 Nd5 32. Re6) 30... exd3 31. cxd3 Qg4 (31... Qg6 $1 $14) 32. Qxg4+ $16 Nxg4 33. h3 ({Not} 33. Nxd4 Ra1 34. Kg1 {[#]} Ne3 $1 35. Rxb7 Rxb7 36. Rxe3 Rxd1+ 37. Kf2 Rd2+ 38. Ne2 Rd7 $17) 33... Nf6 34. Nxd4 {[%emt 0:00:53] White is more active.} Nd5 {[%emt 0:00:21] Prevents Ne3.} 35. Rb2 Nf4 $1 36. Rf1 Ra1 (36... Bd5 $14) 37. Ne3 ({White should play} 37. Kh2 $16) 37... Rxf1+ $11 38. Nxf1 Nxd3 39. Rb1 Nf4 40. Ne3 Rd7 41. Ndf5 Nxh3 42. Ng4 {[%emt 0:06:06] And now Nf6+ would win.} Kf8 43. Kh2 (43. Rb6 $5 Nf4 44. Rf6+ Rf7 45. Rxf7+ Kxf7 46. Nd6+ Kg6 47. Nxb7 $14) 43... Ng5 44. Rb6 Ne4 {[%emt 0:03:13] Inhibits Nd6.} (44... Be4 $2 45. Rb8+ Kf7 46. Ne5+ Ke6 47. Nxd7 Bxf5 48. Rb5 $18) 45. Nf6 {[%emt 0:02:24] White happily takes the draw.   Weighted Error Value: White=0.28 (precise) /Black=0.24 (precise)} 1/2-1/2

[Event "16th Serbian Championship 2022"]
[Site "Bajina Basta"]
[Date "2022.12.07"]
[Round "2.4"]
[White "Kovacevic, Aleksandar"]
[Black "Perunovic, Milos"]
[Result "1/2-1/2"]
[ECO "D02"]
[WhiteElo "2470"]
[BlackElo "2541"]
[Annotator "TA"]
[PlyCount "33"]
[EventDate "2022.12.06"]
[EventType "tourn"]
[EventCountry "SRB"]
[SourceTitle "playchess.com"]
[Source "ChessBase"]
[SourceQuality "1"]
[TimeControl "40/5400+30:1800+30"]

1. d4 Nf6 2. Nf3 d5 3. Bf4 c5 4. e3 Nc6 5. Nbd2 e6 6. c3 Bd6 7. Bg3 O-O 8. Bd3 b6 {[%emt 0:00:14] The position is equal.} 9. Qe2 {[%emt 0:00:11] D02: 1 d4 d5 2 Nf3 sidelines, including 2...Nf6 3 g3 and 2...Nf6 3 Bf4.} Bb7 10. Rd1 Ne7 {[%emt 0:00:26] [#] An uneventful encounter.   Weighted Error Value: White=0.00 (flawless) /Black=0.00 (flawless)} {Predecessor:} 11. Ne5 $146 Nf5 12. Bf4 Be7 13. g4 Nd6 14. g5 Nfe4 15. Rg1 f5 16. gxf6 Bxf6 17. Qg4 {1-0 (55) Kamsky,G (2674)-Abdusattorov,N (2627) Chess.com INT 2020} 1/2-1/2